 Dungeon Crawl Stone Soup version 0.28-a0-768-g8c92f1e708 (webtiles) character file.

Game seed: 16149368371289376454

524 Gargoyl the Skirmisher (level 7, -10/60 HPs)
             Began as a Gnoll Abyssal Knight on Oct 31, 2021.
             Was a Believer of Lugonu.
             Killed by nerve-wracking pain
             ... invoked by Grinder
              (14 damage)
             ... while paralysed by Grinder
             ... on level 6 of the Dungeon.
             The game lasted 00:05:08 (5051 turns).

Gargoyl the Skirmisher (Gnoll Abyssal Knight)       Turns: 5051, Time: 00:05:09

Health: -10/60     AC: 15    Str: 14    XL:     7   Next: 22%
Magic:  10/10      EV:  2    Int: 10    God:    Lugonu [**....]
Gold:   68         SH:  0    Dex: 12    Spells: 10/10 levels left

rFire   . . .      SeeInvis +   a - +1 hand axe
rCold   + . .      Faith    .   e - +2 buckler
rNeg    . . .      Spirit   .   x - +0 plate armour
rPois   .          Reflect  .   (no helmet)
rElec   .          Harm     .   d - +1 cloak
rCorr   .          Rampage  .   f - +0 pair of gloves
Will    .....                   (no boots)
Stlth   ..........              (no amulet)
HPRegen 0.20/turn               h - ring of protection from cold
MPRegen 0.12/turn               t - ring of see invisible

@: paralysed, on berserk cooldown, slowed
A: fangs 1, strong nose, distributed training
a: Renounce Religion, Depart the Abyss, Bend Space


You were on level 6 of the Dungeon.
You worshipped Lugonu.
Lugonu was pleased with you.
You visited 1 branch of the dungeon, and saw 6 of its levels.
You visited the Abyss 1 time.

You collected 228 gold pieces.
You spent 160 gold pieces at shops.

Inventory:

Hand Weapons
 a - a +1 hand axe (weapon)
 r - a +1 flail of holy wrath
 u - a +2 spear of flaming
Armour
 d - a +1 cloak (worn)
 e - a +2 buckler (worn)
 f - a +0 pair of gloves (worn)
 x - a +0 plate armour (worn)
Jewellery
 h - a ring of protection from cold (left hand)
 p - a ring of protection from cold
 t - a ring of see invisible (right hand)
Wands
 c - a wand of flame (18)
 v - a wand of iceblast (6)
Scrolls
 m - a scroll of blinking {unknown}
 s - a scroll of brand weapon {unknown}
Potions
 b - 2 potions of attraction {unknown}
 g - 2 potions of berserk rage
 i - 2 potions of curing
 j - 2 potions of heal wounds {unknown}
 k - 2 potions of invisibility {unknown}
 n - a potion of magic {unknown}
 q - a potion of mutation {unknown}
 w - a potion of haste


   Skills:
 + Level 7.0 Fighting
 + Level 2.3 Short Blades
 + Level 2.3 Long Blades
 + Level 5.2 Axes
 + Level 2.3 Maces & Flails
 + Level 2.3 Polearms
 + Level 2.3 Staves
 + Level 2.3 Slings
 + Level 2.3 Bows
 + Level 2.3 Crossbows
 + Level 2.3 Throwing
 + Level 5.2 Armour
 + Level 3.5 Dodging
 + Level 2.3 Stealth
 + Level 2.3 Shields
 + Level 2.3 Unarmed Combat
 + Level 2.3 Spellcasting
 + Level 1.9 Conjurations
 + Level 1.9 Hexes
 + Level 1.9 Summonings
 + Level 1.9 Necromancy
 + Level 1.9 Translocations
 + Level 1.9 Transmutations
 + Level 1.9 Fire Magic
 + Level 1.9 Ice Magic
 + Level 1.9 Air Magic
 + Level 1.9 Earth Magic
 + Level 1.9 Poison Magic
 + Level 5.3 Invocations
 + Level 2.3 Evocations


You had 10 spell levels left.
You didn't know any spells.
Your spell library contained the following spells:

 Spells                   Type           Power      Damage    Failure   Level
 Magic Dart               Conj           20%        1d4       100%        1
 Searing Ray              Conj           10%        2d4       100%        2
 Call Canine Familiar     Summ           5%         N/A       100%        3
 Portal Projectile        Hex/Tloc       10%        N/A       100%        3
 Fulminant Prism          Conj/Hex       2%         3d6       100%        4
 Leda's Liquefaction      Hex/Erth       2%         N/A       100%        4


Dungeon Overview and Level Annotations

Branches:
Dungeon (6/15)
 Temple: D:4-7

Altars:
Hepliaklqana
Xom

Shops:
D:4 *

Annotations:
D:5 Eustachio
D:6 Grinder


Innate Abilities, Weirdness & Mutations

You have very sharp teeth.
Your uncanny sense of smell can sniff out nearby items.
Your experience applies equally to all skills.


Message History

You block the steam dragon's attack. x2
You hit the steam dragon.
The steam dragon is almost dead.
You slash the steam dragon!
You kill the steam dragon!
Lugonu accepts your kill.
Your Fighting skill increases to level 7!
You have reached level 7!
Grinder barely misses you.
You barely miss Grinder.
Grinder blinks!
You feel a strong urge to attack something.
You slash Grinder!
Grinder is moderately wounded.
You hit Grinder. Your bite misses Grinder.
Grinder is moderately wounded.
You are no longer berserk.
You are exhausted.
You feel yourself slow down. Grinder barely misses you.
You closely miss Grinder. You bite Grinder.
Grinder is heavily wounded.
Grinder hits you.
* * * LOW HITPOINT WARNING * * *
Grinder hits you but does no damage.
You hit Grinder. Your bite misses Grinder.
Grinder is heavily wounded.
Grinder hits you!
* * * LOW HITPOINT WARNING * * *
You writhe in agony.
* * * LOW HITPOINT WARNING * * *
Unknown command.
It was a potion of curing.
You feel better. Grinder hits you.
* * * LOW HITPOINT WARNING * * *
You writhe in agony.
* * * LOW HITPOINT WARNING * * *
Grinder gestures at you.
You suddenly lose the ability to move!
An orc comes into view. It is wielding a +0 club.
Grinder gestures at you. Pain shoots through your body!
You die...

# #.
##########.### ∆
#....<...# ..##
#..#####.###..##
# #....#..#
####.##.######
#.........# ∆
###..@....#
#..5.....o≈
#....>....≈
#.......#§§
#....$..# ≈
#.......#
#.......#
#........


You could see Grinder and an orc.

Vanquished Creatures
  A steam dragon (D:6)
  A scorpion (D:5)
  2 hounds
  2 jellies
  Jessica (D:2)
  A scorpion zombie (D:5)
  A hound skeleton (D:4)
  5 adders
  An ufetubus (D:5)
  2 adder skeletons (D:4)
  4 worms
  12 orcs
  5 bats
  4 endoplasms
  3 giant cockroaches
  7 goblins
  5 hobgoblins
  2 jackals (D:1)
  6 kobolds
  6 quokkas
  3 ball pythons
  A ball python skeleton (D:2)
  2 frilled lizards (D:3)
  A jackal zombie (D:4)
  7 rats
85 creatures vanquished.

Notes
Turn   | Place    | Note
-------+----------+-------------------------------------------
     0 | Abyss:1  | Gargoyl the Gnoll Abyssal Knight began the quest for the
                  | Orb.
     0 | Abyss:1  | Reached XP level 1. HP: 23/23 MP: 3/3
    55 | Abyss:1  | Found a corrupted altar of Lugonu.
   112 | Abyss:1  | Noticed an iron imp
   115 | Abyss:2  | Found a corrupted altar of Lugonu.
   173 | Abyss:2  | Noticed a blink frog
   173 | Abyss:2  | Noticed a blink frog
   174 | Abyss:2  | Noticed a blink frog
   174 | Abyss:2  | Noticed a blink frog
   174 | Abyss:2  | Noticed a blink frog
   177 | D:1      | Escaped the Abyss
   622 | D:1      | Reached XP level 2. HP: 26/29 MP: 5/5
   948 | D:1      | Reached * piety under Lugonu
  1229 | D:1      | Reached XP level 3. HP: 33/35 MP: 6/6
  1833 | D:2      | Reached skill level 1 in Short Blades
  1833 | D:2      | Reached skill level 1 in Long Blades
  1833 | D:2      | Reached skill level 1 in Maces & Flails
  1833 | D:2      | Reached skill level 1 in Polearms
  1833 | D:2      | Reached skill level 1 in Staves
  1833 | D:2      | Reached skill level 1 in Slings
  1833 | D:2      | Reached skill level 1 in Bows
  1833 | D:2      | Reached skill level 1 in Crossbows
  1833 | D:2      | Reached skill level 1 in Throwing
  1833 | D:2      | Reached skill level 1 in Stealth
  1833 | D:2      | Reached skill level 1 in Shields
  1833 | D:2      | Reached skill level 1 in Unarmed Combat
  1833 | D:2      | Reached skill level 1 in Spellcasting
  1833 | D:2      | Reached skill level 1 in Evocations
  1833 | D:2      | Reached XP level 4. HP: 34/41 MP: 7/7
  2185 | D:2      | Noticed Jessica
  2193 | D:2      | Killed Jessica
  2194 | D:2      | Reached skill level 1 in Conjurations
  2194 | D:2      | Reached skill level 1 in Hexes
  2194 | D:2      | Reached skill level 1 in Summonings
  2194 | D:2      | Reached skill level 1 in Necromancy
  2194 | D:2      | Reached skill level 1 in Translocations
  2194 | D:2      | Reached skill level 1 in Transmutations
  2194 | D:2      | Reached skill level 1 in Fire Magic
  2194 | D:2      | Reached skill level 1 in Ice Magic
  2194 | D:2      | Reached skill level 1 in Air Magic
  2194 | D:2      | Reached skill level 1 in Earth Magic
  2194 | D:2      | Reached skill level 1 in Poison Magic
  2888 | D:3      | Reached ** piety under Lugonu
  3008 | D:3      | Reached XP level 5. HP: 42/47 MP: 8/8
  3216 | D:3      | Found a shimmering altar of Xom.
  4215 | D:4      | Found Vateote's Assorted Antiques.
  4223 | D:4      | Bought a garnet ring for 160 gold pieces
  4304 | D:4      | Found a hazy altar of Hepliaklqana.
  4436 | D:4      | Reached skill level 5 in Invocations
  4436 | D:4      | Reached XP level 6. HP: 48/53 MP: 9/9
  4823 | D:5      | Entered Level 5 of the Dungeon
  4827 | D:5      | Reached skill level 5 in Axes
  4827 | D:5      | Reached skill level 5 in Armour
  5015 | D:5      | Noticed a troll
  5016 | D:5      | Noticed Eustachio
  5030 | D:6      | Noticed a steam dragon
  5031 | D:6      | Noticed Grinder
  5040 | D:6      | Killed a steam dragon
  5041 | D:6      | Reached skill level 7 in Fighting
  5041 | D:6      | Reached XP level 7. HP: 25/60 MP: 10/10
  5050 | D:6      | HP: 3/60 [Grinder (2)]
  5050 | D:6      | Paralysed by Grinder for 7 turns
  5051 | D:6      | Killed from afar by Grinder

Illustrated notes

Levels and vault maps discovered:
D:1:      elethiomel_arrival_diamonds, layout_basic, chequers_jeans
D:2:      layout_basic, minmay_tetromino_o2, uniq_jessica
D:3:      layout_basic, xom_teletrap_fun
D:4:      layout_cave_pods, mainiacjoe_overflow_brackets, serial_shops,
          nicolae_shop_crystal, kennysheep_doodads, st_stairs_10,
          minmay_surrounded
D:5:      layout_basic, kennysheep_little_box, uniq_eustachio
D:6:      layout_rooms, mainiacjoe_overflow_concentric_impassable,
          minmay_misc_feat_encased, uniq_maggie, uniq_duvessa, uniq_grinder,
          uniq_crazy_yiuf_cottage

Skill      XL: |  1  2  3  4  5  6 |
---------------+-------------------+-----
Short Blades   | 1 2 |  2.3
Long Blades    | 1 2 |  2.3
Maces & Flails | 1 2 |  2.3
Polearms       | 1 2 |  2.3
Staves         | 1 2 |  2.3
Slings         | 1 2 |  2.3
Bows           | 1 2 |  2.3
Crossbows      | 1 2 |  2.3
Throwing       | 1 2 |  2.3
Stealth        | 1 2 |  2.3
Shields        | 1 2 |  2.3
Unarmed Combat | 1 2 |  2.3
Spellcasting   | 1 2 |  2.3
Evocations     | 1 2 |  2.3
Conjurations   | 1 |  1.9
Hexes          | 1 |  1.9
Summonings     | 1 |  1.9
Necromancy     | 1 |  1.9
Translocations | 1 |  1.9
Transmutations | 1 |  1.9
Fire Magic     | 1 |  1.9
Ice Magic      | 1 |  1.9
Air Magic      | 1 |  1.9
Earth Magic    | 1 |  1.9
Poison Magic   | 1 |  1.9
Dodging        | 3 |  3.5
Invocations    | 5 |  5.3
Axes           | 5 |  5.2
Armour         | 5 |  5.2
Fighting       | 7 |  7.0

Action                   |  1- 3 |  4- 6 |  7- 9 || total
-------------------------+-------+-------+-------++-------
Melee: Hand axe          |   152 |   206 |     5 ||   363
       Bite              |    11 |    22 |     1 ||    34
Invok: Depart the Abyss  |     1 |       |       ||     1
Evoke: Wand              |       |     6 |       ||     6
  Use: Scroll            |     5 |     1 |       ||     6
       Potion            |     1 |     1 |     1 ||     3
Armor: Leather armour    |    20 |       |       ||    20
       Scale mail        |    49 |     9 |       ||    58
       Chain mail        |       |    94 |       ||    94
       Plate armour      |       |     4 |     1 ||     5
Dodge: Dodged            |    75 |    69 |     2 ||   146
Block: Buckler           |    37 |    55 |       ||    92

Table legend: (Time is in decaauts)
 A = Elapsed time spent in this place.
 B = Non-inter-level travel time spent in this place.
 C = Inter-level travel time spent in this place.
 D = Time resting spent in this place.
 E = Time spent auto-exploring this place.
 F = Levels seen in this place.
 G = Mean time per level.
                   A        B        C        D        E       F      G
               +--------+--------+--------+--------+--------+-----+--------+
         Total |   5082 |   5000 |     82 |      0 |   3984 |   8 |  635.2 |
       Dungeon |   4911 |   4829 |     82 |      0 |   3877 |   6 |  818.5 |
         Abyss |    171 |    171 |      0 |      0 |    106 |   2 |   85.5 |
               +--------+--------+--------+--------+--------+-----+--------+

Top non-repeatable levels by time:
     D:1: 1326 daAuts
     D:3: 1189 daAuts
     D:4: 1125 daAuts
     D:2: 1040 daAuts
     D:5: 200 daAuts
 Abyss:1: 115 daAuts
 Abyss:2: 55 daAuts
     D:6: 29 daAuts
